AoeStats
← 熊大来袭

Arena

510469943Analyzed
4v4 RM · 24h ago on Oct 1, 2026· 42m 21s· 8 players
Game mode
Random Map
Map size
Large (8 player)
Population
200
Speed
Normal
Resources
Standard
Victory
Conquest
Starting age
Dark Age
Ending age
Imperial Age
RankedLock teamsTeams togetherTeam positionsShared explorationLock speedFull tech treeHidden civsTurbo modeCheats
Victory
Defeat
🇲🇽 Slavs · Mexico
1300
+12
🇨🇴 Italians · Colombia
1241
+15
🇨🇳 Huns · China
1239
+15
🇹🇼 Persians · Taiwan
1151
+18
🇨🇳 Persians · China
1340
-19
🇨🇳 Koreans · China
1273
-18
1173
-13
🇨🇳 Huns · China
1069
-10
Benkiart
10:26 Feudal Age
10:02 Loom
14:49 Castle Age
14:34 Double-Bit Axe
14:31 Horse Collar
16:20 Bow Saw
17:27 Heavy Plow
23:28 Wheelbarrow
28:08 Imperial Age
27:47 Scale Mail Armor
27:41 Pikeman
28:59 Squires
29:17 Chain Mail Armor
29:13 Forging
28:50 Halberdier
28:54 Capped Ram
29:53 Gold Mining
30:39 Detinets
31:36 Conscription
32:18 Druzhina
35:07 Chemistry
34:20 Fortified Wall
35:02 Plate Mail Armor
35:08 Iron Casting
34:24 Fletching
34:40 Scale Barding Armor
35:49 Bloodlines
35:40 Husbandry
39:20 Blast Furnace
39:17 Elite Boyar
40:19 Chain Barding Armor
41:37 Man-at-Arms
Chancellor Lizard
10:32 Feudal Age
14:11 Castle Age
12:06 Fletching
12:24 Double-Bit Axe
12:50 Loom
13:24 Stone Mining
20:29 Bodkin Arrow
22:01 Wheelbarrow
27:43 Imperial Age
25:52 Bow Saw
26:04 Horse Collar
26:47 Gold Mining
27:39 Masonry
28:40 Bracer
30:28 Padded Archer Armor
31:27 Leather Archer Armor
32:08 Ballistics
36:46 Heavy Plow
38:13 Conscription
39:40 Two-Man Saw
41:08 Chemistry
42:02 Stone Shaft Mining
42:22 Treadmill Crane
43:13 Architecture
43:07 Hand Cart
xoxodniw
11:38 Feudal Age
15:07 Castle Age
13:01 Double-Bit Axe
13:49 Horse Collar
14:27 Gold Mining
15:47 Wheelbarrow
16:16 Bow Saw
20:03 Stone Mining
20:16 Heavy Plow
24:20 Gold Shaft Mining
27:01 Stone Shaft Mining
30:35 Imperial Age
29:41 Forging
29:36 Scale Barding Armor
30:46 Hand Cart
31:12 Iron Casting
30:15 Elite War Elephant
31:18 Guilds
31:53 Chain Barding Armor
33:43 Blast Furnace
33:51 Two-Man Saw
33:04 Bloodlines
32:55 Husbandry
33:33 Kamandaran
34:59 Plate Barding Armor
34:23 Fletching
34:34 Padded Archer Armor
35:17 Crossbowman
36:03 Thumb Ring
36:00 Squires
35:58 Elite Skirmisher
36:46 Bodkin Arrow
38:03 Leather Archer Armor
39:08 Chemistry
38:29 Ballistics
39:35 Ring Archer Armor
40:05 Crop Rotation
39:12 Pikeman
39:54 Scale Mail Armor
熊大来袭
10:56 Feudal Age
15:37 Castle Age
14:22 Double-Bit Axe
14:41 Horse Collar
22:58 Wheelbarrow
23:28 Heavy Plow
24:46 Hand Cart
24:53 Bow Saw
25:01 Gold Mining
27:27 Gold Shaft Mining
30:35 Imperial Age
27:55 Loom
30:41 Imperial Age
28:28 Marauders
28:36 Scale Barding Armor
28:41 Forging
29:33 Husbandry
29:44 Bloodlines
30:18 Chain Barding Armor
31:48 Iron Casting
32:25 Plate Barding Armor
34:02 Blast Furnace
33:26 Conscription
32:27 Elite Tarkan
34:01 Pikeman
34:42 Squires
34:45 Scale Mail Armor
34:47 Halberdier
37:34 Chain Mail Armor
39:50 Arson
dy小妖
12:02 Feudal Age
13:16 Double-Bit Axe
16:09 Castle Age
14:01 Horse Collar
17:41 Bow Saw
17:33 Heavy Plow
17:49 Town Watch
18:44 Wheelbarrow
21:41 Gold Mining
23:17 Forging
23:46 Gold Shaft Mining
28:47 Imperial Age
26:23 Fletching
26:11 Crossbowman
27:05 Bodkin Arrow
27:34 Ballistics
27:23 Thumb Ring
27:18 Loom
28:20 Hand Cart
29:55 Bracer
31:10 Chemistry
30:17 Siege Engineers
29:42 Arbalester
31:06 Siege Engineers
31:48 Stone Mining
33:01 Conscription
33:45 Scale Mail Armor
35:20 Stone Shaft Mining
36:05 Chain Mail Armor
37:17 Squires
36:38 Pikeman
39:18 Halberdier
41:09 Two-Man Saw
40:26 Murder Holes
40:42 Masonry
40:13 Treadmill Crane
42:16 Plate Mail Armor
忘情
12:07 Feudal Age
13:35 Double-Bit Axe
13:39 Horse Collar
17:16 Castle Age
18:04 Stone Mining
18:05 Gold Mining
18:27 Heavy Plow
18:47 Forging
19:34 Bow Saw
20:41 Loom
21:33 Wheelbarrow
22:36 Gold Shaft Mining
25:30 Wheelbarrow
26:13 Scale Barding Armor
26:44 Iron Casting
27:23 Chain Barding Armor
29:19 Town Watch
29:55 Hand Cart
34:44 Imperial Age
32:59 Town Watch
35:05 Bloodlines
34:57 Husbandry
38:31 Light Cavalry
41:10 Plate Barding Armor
40:25 Hussar
42:18 Blast Furnace
41:45 Conscription
见不久好
9:49 Feudal Age
13:33 Castle Age
12:54 Double-Bit Axe
14:29 Bow Saw
16:54 Horse Collar
22:02 Wheelbarrow
21:15 Loom
21:53 Bow Saw
24:23 Heavy Plow
28:37 Imperial Age
26:17 Scale Barding Armor
26:23 Forging
26:18 Scale Barding Armor
26:41 Forging
26:24 Gold Mining
27:24 Husbandry
27:34 Bloodlines
28:11 Hand Cart
28:09 Bloodlines
28:36 Iron Casting
29:07 Chain Barding Armor
29:29 Gold Shaft Mining
28:25 Heavy Camel Rider
31:30 Blast Furnace
31:06 Plate Barding Armor
30:27 Light Cavalry
30:28 Cavalier
32:23 Crop Rotation
31:46 Cavalier
36:01 Conscription
35:15 Savar
38:23 Man-at-Arms
38:24 Pikeman
39:04 Squires
38:53 Arson
39:56 Scale Mail Armor
41:27 Chain Mail Armor
八十万禁军教头
10:18 Feudal Age
8:36 Loom
14:47 Castle Age
12:43 Horse Collar
13:15 Double-Bit Axe
20:57 Fortified Wall
21:10 Bow Saw
26:14 Padded Archer Armor
26:05 Fletching
30:36 Imperial Age
39:11 Gold Mining
40:13 Leather Archer Armor
39:54 Bodkin Arrow
Connection lost

Rejoining the realm…

Still unreachable

The connection could not be restored.

Session expired

The server has moved on; the page needs a fresh start.